 Dungeon Crawl Stone Soup version 0.24-a0-518-g9d8d8d5b78 (webtiles) character file.

Game seed: 8798922808661294174

75073 Peloso the Fencer (level 15, -42/136 HPs)
             Began as a Minotaur Fighter on July 23, 2019.
             Was the Champion of Okawaru.
             Annihilated by a titanic slime creature (89 damage)
             ... on level 14 of the Dungeon.
             The game lasted 00:49:23 (17556 turns).

Peloso the Fencer (Minotaur Fighter)               Turns: 17556, Time: 00:49:23

Health: -42/136    AC: 22    Str: 25    XL:     15   Next: 8%
Magic:  15/15      EV: 12    Int: 13    God:    Okawaru [******]
Gold:   1777       SH: 17    Dex: 12    Spells: 14/14 levels left

rFire    . . .     SeeInvis +   a - +7 Singing Sword {slice, sonic wave}
rCold    . . .     Gourm    .   c - +2 shield {reflect}
rNeg     . . .     Faith    .   v - +0 plate armour
rPois    .         Spirit   .   (helmet restricted)
rElec    .         Reflect  +   F - +1 cloak {MR+}
rCorr    +         Harm     .   (no gloves)
MR       +++..                  S - +2 pair of boots "Qempol" {*Slow MR+ rCorr Int+8}
Stlth    ..........             i - amulet of regeneration
HPRegen  0.72/turn              P - +3 ring of evasion
MPRegen  0.14/turn              q - ring of see invisible

@: no status effects
A: retaliatory headbutt, horns 2
a: Heroism, Finesse, Renounce Religion


You were on level 14 of the Dungeon.
You worshipped Okawaru.
Okawaru was exalted by your worship.
You were not hungry.

You visited 3 branches of the dungeon, and saw 21 of its levels.
You also visited: Bailey.

You collected 2023 gold pieces.
You spent 246 gold pieces at shops.

Inventory:

Hand Weapons
 a - the +7 Singing Sword (weapon) {slice, sonic wave}
   (You found it on level 5 of the Dungeon)

   It inflicts extra damage upon your enemies.
 b - the +1 long sword of Ceomeaw {freeze, rElec}
   (Okawaru gifted it to you on level 2 of the Lair of Beasts)

   It has been specially enchanted to freeze those struck by it, causing extra
   injury to most foes and up to half again as much damage against particularly
   susceptible opponents.
   It can also slow down cold-blooded creatures.
   It insulates you from electricity.
 A - a +1 scimitar of flaming
Armour
 c - a +2 shield of reflection (worn)
 u - a +1 pair of boots
 v - a +0 plate armour (worn)
 F - a +1 cloak of magic resistance (worn)
 O - the +1 pair of boots of Philately {rN+}
   (Okawaru gifted it to you on level 4 of the Lair of Beasts)

   It protects you from negative energy.
 S - the +2 pair of boots "Qempol" (worn) {*Slow MR+ rCorr Int+8}
   (Okawaru gifted it to you on level 14 of the Dungeon)

   It affects your intelligence (+8).
   It affects your resistance to hostile enchantments.
   It provides partial protection from all sources of acid and corrosion.
   It may slow you when you take damage.
Jewellery
 i - an amulet of regeneration (around neck)
 q - a ring of see invisible (right hand)
 K - an uncursed ring of flight
 P - a +3 ring of evasion (left hand)
Wands
 d - a wand of enslavement (6)
 x - a wand of paralysis (9)
 B - a wand of digging (8)
 L - a wand of acid (19)
Scrolls
 e - 5 scrolls of amnesia
 g - 10 scrolls of remove curse
 h - 9 scrolls of enchant weapon
 j - 2 scrolls of noise
 o - 5 scrolls of teleportation
 p - a scroll of identify
 r - 8 scrolls of fog
 s - 5 scrolls of fear
 t - 3 scrolls of blinking
 y - 4 scrolls of enchant armour
 D - 6 scrolls of magic mapping
 H - 2 scrolls of acquirement
 I - 3 scrolls of summoning {unknown}
 Q - a scroll of vulnerability {unknown}
Potions
 k - 11 potions of heal wounds
 l - 3 potions of flight
 m - 2 potions of resistance
 n - 3 potions of cancellation
 w - 4 potions of ambrosia
 z - 3 potions of haste {unknown}
 C - 12 potions of curing {unknown}
 E - 4 potions of mutation {unknown}
 G - 2 potions of berserk rage {unknown}
 M - 4 potions of agility {unknown}
 R - a potion of magic
 U - a potion of experience {unknown}
 V - 3 potions of might
 W - a potion of invisibility {unknown}
Miscellaneous
 J - a fan of gales
 N - a lamp of fire
Comestibles
 f - 39 rations
 T - 7 chunks of flesh


   Skills:
 + Level 13.6 Fighting
   Level 6.1(12.3) Short Blades
 + Level 17.4(17.8) Long Blades
 + Level 13.6 Armour
 + Level 3.8 Dodging
 + Level 1.5 Stealth
 + Level 16.2 Shields
 + Level 1.8 Invocations


You had 14 spell levels left.
You didn't know any spells.
Your spell library contained the following spells:

 Spells                   Type           Power        Failure   Level  Hunger
 Corona                   Hex            #......      94%         1    ##.....
 Sting                    Conj/Pois      #...         94%         1    ##.....
 Ensorcelled Hibernation  Hex/Ice        #.....       98%         2    ###....
 Poisonous Vapours        Pois/Air       #.....       98%         2    ###....
 Confuse                  Hex            #.......     100%        3    ####...
 Dazzling Spray           Conj/Hex       #.....       100%        3    ####...
 Mephitic Cloud           Conj/Pois/Air  #.......     100%        3    ####...
 Tukima's Dance           Hex            #.......     100%        3    ####...
 Olgreb's Toxic Radiance  Pois           #.......     100%        4    #####..
 Venom Bolt               Conj/Pois      #.........   100%        5    ######.
 Haunt                    Necr/Summ      #.........   100%        7    #######
 Borgnjor's Revivificati  Necr           #.........   100%        8    #######
 Death's Door             Chrm/Necr      #.........   100%        8    #######
 Infestation              Necr           #.........   100%        8    #######
 Necromutation            Tmut/Necr      #.........   100%        8    #######


Dungeon Overview and Level Annotations

Branches:
Dungeon (14/15)            Temple (1/1) D:7            Lair (6/6) D:11
  Swamp (0/4) Lair:3       Spider (0/4) Lair:2        Slime (0/5) Lair:6
    Orc (0/2) D:10         Vaults (0/5) D:14

Altars:
Ashenzari
Cheibriados
Dithmenos
Gozag
Hepliaklqana
Kikubaaqudgha
Makhleb
Nemelex Xobeh
Okawaru
Qazlal
Ru
Trog
Uskayaw
Vehumet
Wu Jian
Xom
Yredelemnul
Zin
The Shining One
Beogh

Shops:
D:4 (   D:8 %   D:9 ?(


Innate Abilities, Weirdness & Mutations

You reflexively headbutt those who attack you in melee.
You have a pair of horns on your head.


Message History

Two slime creatures merge to form a titanic slime creature.
Unknown command.
You cut the titanic slime creature into ribbons!!!
The titanic slime creature is heavily wounded.
You slash the titanic slime creature!
The titanic slime creature is heavily wounded.
You block the titanic slime creature's attack.
Unknown command.
You slice the titanic slime creature!!
You headbutt the titanic slime creature.
The titanic slime creature is heavily wounded.
Unknown command.
Your plate armour prevents you from hitting the titanic slime creature.
The titanic slime creature is heavily wounded.
The titanic slime creature hits you!!!
You slash the titanic slime creature!
The titanic slime creature is heavily wounded.
The titanic slime creature hits you!!!!
Ouch! That really hurt!
You die...

.# ##....#.##(#*
.### ####.#.#...#*
...# #.#.....>#
...#******,#.#...##
....,,,,,,,#.##..#
.!.#*******#.#*#.#
...# #.#*#.# .###
#..,#J# .# ###,#@#
.# #.#.# .# #.#.##
.#********** #....#
,..,,,,,,,,* ###..#
,*##******,* #...#
,* *,* #.#.# ####
*,* #.#.# .#.## *,*
#.#.#


You could see a titanic slime creature.

Vanquished Creatures
  A dire elephant (Lair:6)
  Snorg (D:10)
  The ghost of Gynju the Basher, a journeyman FoFi of Zin (Lair:2)
  A vault guard (D:14)
  10 hydras
  Fannar (D:10)
  A centaur warrior (D:13)
  A merfolk avatar (Lair:6)
  A tengu warrior (D:13)
  2 two-headed ogres
  Nergalle (Lair:3)
  Urug (Lair:3)
  A sea snake (Lair:6)
  A deep elf knight (D:14)
  3 unseen horrors
  A swamp dragon (Lair:6)
  Pikel (D:5)
  4 orc knights (Bailey)
  2 harpies (Lair:6)
  2 oklob plants (Lair:6)
  10 ugly things
  A manticore (D:14)
  A cyclops (D:11)
  Joseph (D:7)
  10 elephants (Lair:6)
  2 centaur zombies
  4 black mambas
  A torpor snail (Lair:6)
  Maurice (D:10)
  3 gargoyles
  7 rime drakes
  A freezing wraith (D:14)
  2 kobold demonologists (D:14)
  13 spiny frogs
  10 komodo dragons
  An efreet (D:13)
  5 trolls
  2 tengu conjurers
  5 hornets
  2 polar bears (Lair:6)
  24 blink frogs
  4 dream sheep (Lair:6)
  Grinder (D:5)
  A slime creature (D:14)
  5 hippogriffs
  A vampire (D:14)
  A tarantella (Lair:2)
  41 yaks
  2 steam dragons (D:11)
  6 wyverns
  3 basilisks
  A hungry ghost (D:9)
  4 vampire mosquitoes (D:13)
  A soldier ant (D:13)
  14 water moccasins
  12 porcupines
  Duvessa (D:5)
  4 ice beasts
  A sky beast (D:7)
  A phantom (D:9)
  10 ogres
  4 black bears
  16 orc warriors
  A boggart (D:14)
  A necrophage (D:11)
  7 wolves
  4 centaurs
  12 crocodiles
  24 bullfrogs
  3 big kobolds
  Dowan (D:5)
  A water moccasin skeleton (D:5)
  A wyvern skeleton (D:14)
  14 scorpions
  9 killer bees (D:10)
  4 howler monkeys
  3 wights (D:10)
  2 electric eels (D:6)
  5 crimson imps
  3 bullfrog zombies
  3 centaur skeletons
  12 hounds
  8 orc priests
  7 jellies
  18 orc wizards
  A bullfrog skeleton (D:4)
  11 iguanas
  Natasha (D:1)
  20 worker ants
  2 hound zombies
  2 hound skeletons
  Robin (D:2)
  11 gnolls
  2 worker ant zombies (D:8)
  6 adders
  A howler monkey skeleton (D:6)
  4 shadow imps
  An adder zombie (D:9)
  2 adder skeletons (D:10)
  A worm (D:2)
  3 dart slugs
  7 leopard geckos
  97 orcs
  6 giant cockroaches
  21 goblins
  15 hobgoblins
  3 jackals (D:1)
  21 kobolds
  9 quokkas
  2 ball pythons
  15 bats
  3 frilled lizards
  A jackal skeleton (D:9)
  A jackal zombie (D:8)
  A quokka skeleton (D:6)
  A quokka zombie (D:10)
  4 rats
  15 fungi
  24 plants
735 creatures vanquished.

Vanquished Creatures (others)
  3 slaves (D:5)
  A centaur (D:14)
  A scorpion (D:5)
  A leopard gecko (D:6)
  3 orcs
  4 fungi
  17 plants
30 creatures vanquished.

Grand Total: 765 creatures vanquished

Notes
Turn   | Place    | Note
-------+----------+-------------------------------------------
     0 | D:1      | Peloso the Minotaur Fighter began the quest for the Orb.
     0 | D:1      | Reached XP level 1. HP: 19/19 MP: 0/0
   192 | D:1      | Reached XP level 2. HP: 26/27 MP: 1/1
   591 | D:2      | Noticed Robin
   594 | D:2      | Noticed Natasha
   605 | D:2      | Reached XP level 3. HP: 21/33 MP: 2/2
  1310 | D:1      | Killed Natasha
  1327 | D:2      | Killed Robin
  1327 | D:2      | Reached XP level 4. HP: 31/40 MP: 3/3
  1425 | D:2      | Reached skill level 3 in Long Blades
  1431 | D:2      | Reached skill level 5 in Shields
  1922 | D:3      | Reached XP level 5. HP: 47/47 MP: 4/4
  2302 | D:2      | Reached skill level 1 in Dodging
  2324 | D:3      | Reached skill level 4 in Long Blades
  2399 | D:3      | Reached XP level 6. HP: 50/53 MP: 5/5
  3187 | D:4      | Found Qopparghi's Weapon Boutique.
  3199 | D:4      | Reached skill level 5 in Armour
  3437 | D:4      | Reached skill level 5 in Long Blades
  3648 | D:5      | Entered Level 5 of the Dungeon
  3648 | D:5      | Noticed a slave
  3648 | D:5      | Noticed a slave
  3649 | D:5      | Noticed a slave
  3653 | D:5      | Noticed Pikel
  3665 | D:5      | Reached XP level 7. HP: 57/60 MP: 6/6
  3681 | D:5      | Killed Pikel
  3681 | D:5      | Reached skill level 5 in Fighting
  3681 | D:5      | Reached skill level 6 in Long Blades
  3697 | D:5      | Reached XP level 8. HP: 40/68 MP: 7/7
  3754 | D:5      | Noticed Grinder
  3779 | D:5      | Reached skill level 7 in Long Blades
  3781 | D:5      | Killed Grinder
  4329 | D:5      | You fall into a shaft and drop 2 floors!
  4329 | D:7      | Found a staircase to the Ecumenical Temple.
  4335 | Temple   | Entered the Ecumenical Temple
  4420 | Temple   | Became a worshipper of Warmaster Okawaru
  4587 | D:6      | Reached skill level 8 in Long Blades
  4744 | D:6      | Reached * piety under Okawaru
  4744 | D:6      | Reached XP level 9. HP: 67/75 MP: 8/8
  5049 | D:5      | Noticed Duvessa
  5049 | D:5      | Noticed Dowan
  5059 | D:5      | Killed Duvessa
  5059 | D:5      | Reached skill level 9 in Long Blades
  5061 | D:5      | Killed Dowan
  5127 | D:5      | Found the +7 Singing Sword {slice, sonic wave}
  5630 | D:7      | Reached ** piety under Okawaru
  5870 | D:7      | Noticed Joseph
  5877 | D:7      | Killed Joseph
  5877 | D:7      | Reached skill level 10 in Long Blades
  6375 | D:6      | HP: 2/79 [electric eel/bolt of electricity (5)]
  7355 | D:8      | Reached *** piety under Okawaru
  7355 | D:8      | Reached skill level 11 in Long Blades
  7426 | D:8      | Reached XP level 10. HP: 86/86 MP: 9/9
  7763 | D:8      | Received a gift from Okawaru
  7820 | D:8      | Found Necucauho's Food Boutique.
  8248 | D:9      | Reached skill level 10 in Shields
  8504 | D:9      | Found Guxu's Magic Scroll Shop.
  8513 | D:9      | Bought a scroll of teleportation for 39 gold pieces
  8513 | D:9      | Bought a scroll of fog for 26 gold pieces
  8513 | D:9      | Bought a scroll of remove curse for 39 gold pieces
  8513 | D:9      | Bought a scroll of immolation for 45 gold pieces
  8513 | D:9      | Bought a scroll of identify for 26 gold pieces
  8513 | D:9      | Bought a scroll of identify for 26 gold pieces
  8513 | D:9      | Bought a scroll of magic mapping for 45 gold pieces
  8540 | D:9      | Reached skill level 1 in Stealth
  8641 | D:9      | Found Ilucewk's Weapon Shoppe.
  8684 | D:9      | Reached **** piety under Okawaru
  8713 | D:9      | Found a glowing golden altar of the Shining One.
  8779 | D:9      | Reached skill level 12 in Long Blades
  8812 | D:10     | Entered Level 10 of the Dungeon
  8837 | D:10     | Killed an unseen horror
  8962 | D:10     | Killed an unseen horror
  8962 | D:10     | Reached ***** piety under Okawaru
  8982 | D:10     | Noticed Maurice
  8996 | D:10     | Killed Maurice
  9034 | D:10     | Noticed Snorg
  9050 | D:10     | Killed Snorg
  9050 | D:10     | Reached XP level 11. HP: 23/95 MP: 7/10
  9216 | D:10     | Received a gift from Okawaru
  9218 | D:10     | Reached skill level 13 in Long Blades
  9267 | D:10     | Found a roughly hewn altar of Beogh.
  9267 | D:10     | Found a staircase to the Orcish Mines.
  9269 | D:10     | Noticed Fannar
  9280 | D:10     | Killed Fannar
  9567 | D:10     | Received a gift from Okawaru
  9646 | D:10     | Reached skill level 10 in Armour
 10055 | D:11     | Noticed a seven-headed hydra
 10070 | D:11     | Killed a seven-headed hydra
 10080 | D:11     | Noticed a white ugly thing
 10090 | D:11     | Killed a white ugly thing
 10137 | D:11     | Reached ****** piety under Okawaru
 10140 | D:11     | Found a staircase to the Lair.
 10157 | D:11     | Reached skill level 14 in Long Blades
 10164 | D:11     | Noticed a six-headed hydra
 10165 | D:11     | Reached skill level 1 in Short Blades
 10176 | D:11     | Killed a six-headed hydra
 10325 | D:11     | Reached XP level 12. HP: 106/106 MP: 11/11
 10433 | D:11     | Noticed a two-headed ogre
 10442 | D:11     | Killed a two-headed ogre
 10442 | D:11     | Received a gift from Okawaru
 10442 | D:11     | Reached skill level 10 in Fighting
 10737 | Lair:1   | Entered Level 1 of the Lair of Beasts
 10828 | Lair:1   | Reached skill level 1 in Invocations
 10857 | Lair:1   | Noticed a seven-headed hydra
 10870 | Lair:1   | Killed a seven-headed hydra
 10940 | Lair:1   | Reached skill level 15 in Long Blades
 11087 | Lair:1   | Received a gift from Okawaru
 11098 | Lair:1   | Got a crude short sword {god gift}
 11099 | Lair:1   | Identified the +1 short sword "Beastslayer" {pain, *Corrode
                  | rPois Int+2} (Okawaru gifted it to you on level 1 of the
                  | Lair of Beasts)
 11710 | Lair:2   | Found a hole to the Spider Nest.
 11737 | Lair:2   | Noticed a five-headed hydra
 11752 | Lair:2   | Killed a five-headed hydra
 11762 | Lair:2   | Received a gift from Okawaru
 11768 | Lair:2   | Got a jewelled long sword {god gift}
 11923 | Lair:2   | Identified the +1 long sword of Ceomeaw {freeze, rElec}
                  | (Okawaru gifted it to you on level 2 of the Lair of Beasts)
 11940 | Lair:2   | Reached XP level 13. HP: 115/115 MP: 12/12
 12053 | Lair:2   | Found a runed translucent gate.
 12053 | Lair:2   | Noticed Gynju's ghost (journeyman FoFi)
 12054 | Lair:2   | Found a runed translucent gate.
 12054 | Lair:2   | Found a runed translucent gate.
 12655 | Lair:2   | Killed Gynju's ghost
 12704 | Lair:3   | Noticed Nergalle
 12827 | Lair:3   | Killed Nergalle
 12912 | Lair:3   | Noticed Urug
 12924 | Lair:3   | Killed Urug
 12967 | Lair:3   | Found a staircase to the Swamp.
 13415 | Lair:4   | Reached skill level 16 in Long Blades
 13419 | Lair:4   | Received a gift from Okawaru
 13427 | Lair:4   | Got a pair of pitted boots {god gift}
 13438 | Lair:4   | Identified the +1 pair of boots of Philately {rN+} (Okawaru
                  | gifted it to you on level 4 of the Lair of Beasts)
 14177 | Lair:5   | Reached skill level 5 in Short Blades
 14929 | Lair:6   | Entered Level 6 of the Lair of Beasts
 14949 | Lair:6   | Identified a scroll of acquirement
 15048 | Lair:6   | Received a gift from Okawaru
 15049 | Lair:6   | Noticed a dire elephant
 15053 | Lair:6   | Reached XP level 14. HP: 106/126 MP: 14/14
 15144 | Lair:6   | Found a staircase to the Slime Pits.
 15572 | Lair:6   | Reached skill level 15 in Shields
 15658 | Lair:6   | Received a gift from Okawaru
 15990 | D:12     | Found a hazy altar of Hepliaklqana.
 16204 | D:12     | Got a transparent rapier
 16205 | D:12     | Identified the cursed +2 rapier "Azxergh" {drain, rN+ Int+5
                  | Dex-5} (You found it on level 12 of the Dungeon)
 16586 | D:13     | Reached skill level 17 in Long Blades
 16949 | D:14     | Received a gift from Okawaru
 16952 | D:14     | Paralysed by a hornet for 2 turns
 16976 | D:14     | Paralysed by an orc for 4 turns
 17004 | D:14     | Got a pair of translucent boots {god gift}
 17015 | D:14     | Identified the +2 pair of boots "Qempol" {*Slow MR+ rCorr
                  | Int+8} (Okawaru gifted it to you on level 14 of the
                  | Dungeon)
 17039 | D:14     | Found a flagged portal.
 17057 | Bailey   | Entered a bailey
 17226 | Bailey   | Reached XP level 15. HP: 117/136 MP: 13/15
 17462 | D:14     | Paralysed by a hornet for 2 turns
 17491 | D:14     | Found a gate to the Vaults.
 17556 | D:14     | Annihilated by a titanic slime creature

Levels and vault maps discovered:
D:1:      dpeg_arrival_castle, layout_loops_ring
D:2:      layout_basic, first_ration, uniq_robin, uniq_natasha
D:3:      layout_basic, guppyfry_early_orc_mine
D:4:      layout_basic, serial_shops, nicolae_shop_stone
D:5:      old_forge, layout_basic, uniq_pikel, uniq_grinder, uniq_duvessa
D:6:      layout_rooms, fountainhead, nzn_random_ring
D:7:      layout_loops_corners, minmay_temple_entry_tees, uniq_joseph
D:8:      layout_loops_corners, serial_shops, nicolae_shop_statue_plus
D:9:      layout_roguey, nicolae_tso_swordbearing_angel, serial_shops, shop,
          kennysheep_little_box
D:10:     layout_irregular_city, david_orc_5, grunt_tengu_nest, uniq_fannar,
          uniq_maurice, uniq_snorg
D:11:     layout_roguey, minmay_lair_entry_grove
D:12:     layout_rooms, basic_altar
D:13:     layout_cave_pools, minmay_misc_feat_room
D:14:     layout_loops_ring, david_vaults_5, enter_bailey_3, lemuel_statue_altar
Temple:   regret_index_temple_sigil_plot
Lair:1:   layout_cave_pods
Lair:2:   beast_lair_carwin_large_4, layout_loops_ring,
          spider_nest_entry_rubble, gammafunk_ghost_hydra_chop,
          grunt_megastairs_1
Lair:3:   layout_misc_corridors, swamp_mist, beast_lair_carwin_8,
          serial_bayou_shore_b, uniq_urug, uniq_nergalle
Lair:4:   wander_river, layout_hall_layers, infiniplex_staircase_pool_2
Lair:5:   layout_gridlike
Lair:6:   gammafunk_lair_ancient_temple, layout_cave_shapes,
          dpeg_slime_entry_corner, hibernation_bobbens,
          minmay_lair_oklob_chamber

Skill      XL: |  1  2  3  4  5  6  7  8  9 10 11 12 13 14 |
---------------+-------------------------------------------+-----
Shields        | 4 5 6 7 8 9 10 11 13 14 16 | 16.2
Armour         | 4 5 7 8 9 10 11 12 13 | 13.6
Fighting       | 4 5 6 7 8 9 10 12 13 | 13.6
Long Blades    | 3 4 5 6 8 11 12 14 15 16 17 | 17.4
Dodging        | 1 2 3 |  3.8
Stealth        | 1 |  1.5
Short Blades   | 1 4 5 6 |  6.1
Invocations    | 1 |  1.8

Action                   |  1- 3 |  4- 6 |  7- 9 | 10-12 | 13-15 || total
-------------------------+-------+-------+-------+-------+-------++-------
Melee: Long sword        |    87 |   164 |   153 |       |       ||   404
       Headbutt          |    12 |    44 |    46 |    81 |   126 ||   309
       Double sword      |       |       |    82 |   374 |   571 ||  1027
       Short sword       |       |       |       |    50 |    41 ||    91
Invok: Heroism           |       |       |       |     3 |     7 ||    10
  Use: Potion            |       |       |     2 |     1 |       ||     3
       Scroll            |       |       |     5 |     9 |     6 ||    20
 Stab: Distracted        |       |       |       |     1 |       ||     1
  Eat: Chunk             |     1 |     7 |    10 |    11 |    19 ||    48
       Ration            |       |       |     1 |     1 |       ||     2
Armor: Scale mail        |    40 |    54 |       |       |       ||    94
       Plate armour      |       |    35 |   149 |   200 |   233 ||   617
Dodge: Dodged            |    28 |    58 |    49 |    98 |   211 ||   444
Block: Shield            |    66 |   111 |   135 |   306 |   469 ||  1087
       Reflection        |       |       |       |     1 |    14 ||    15
       Rpst.: Long sword |     4 |    17 |    12 |       |       ||    33
       Double sword      |       |       |     3 |    16 |    35 ||    54

Table legend:
 A = Non-vault XP
 B = Vault XP
 C = Vault XP percentage of total XP
 D = Non-vault monster count
 E = Vault monster count
 F = Vault count percentage of total count
                 A         B        C        D         E       F
            +---------+---------+-------+---------+---------+-------
      Total |   71300 |   35948 |  33.5 |     493 |     204 |  29.3
            +---------+---------+-------+---------+---------+-------
        D:1 |      38 |      49 |  56.3 |      20 |       8 |  28.6
        D:2 |     106 |      25 |  19.1 |      18 |       6 |  25.0
        D:3 |     167 |      16 |   8.7 |      33 |       7 |  17.5
        D:4 |     310 |       0 |   0.0 |      16 |       0 |   0.0
        D:5 |     548 |    1301 |  70.4 |      14 |      17 |  54.8
        D:6 |     786 |     368 |  31.9 |      17 |       9 |  34.6
        D:7 |     598 |     727 |  54.9 |      12 |       7 |  36.8
        D:8 |    1500 |       0 |   0.0 |      26 |       0 |   0.0
        D:9 |    1952 |       0 |   0.0 |      29 |       0 |   0.0
       D:10 |    4699 |    3088 |  39.7 |      47 |      25 |  34.7
       D:11 |    7375 |    1374 |  15.7 |      34 |      11 |  24.4
       D:12 |    1175 |     143 |  10.8 |      18 |       1 |   5.3
       D:13 |    7971 |       0 |   0.0 |      32 |       0 |   0.0
       D:14 |    9282 |    4092 |  30.6 |      47 |      12 |  20.3
     Lair:1 |    6847 |       0 |   0.0 |      26 |       0 |   0.0
     Lair:2 |    4690 |    5389 |  53.5 |      17 |      20 |  54.1
     Lair:3 |    2368 |    2447 |  50.8 |      12 |      10 |  45.5
     Lair:4 |    6033 |       0 |   0.0 |      26 |       0 |   0.0
     Lair:5 |    5361 |       0 |   0.0 |      21 |       0 |   0.0
     Lair:6 |    9494 |   13355 |  58.4 |      28 |      31 |  52.5
     Bailey |       0 |    3574 | 100.0 |       0 |      40 | 100.0
            +---------+---------+-------+---------+---------+-------
